River Frogs vs Knights
(R2)
Created - March 6, 2020 at 22:11
Goals
|
| River Frogs |
0 |
1 |
0 |
1 |
| Knights |
1 |
2 |
0 |
3 |
|
Shots
|
| River Frogs |
11 |
9 |
6 |
26 |
| Knights |
8 |
10 |
5 |
23 |
|
1st period
1. Knights , Brendan Gaunce 10 (Vince Hinostroza 12, Tomas Kundratek 22) at 17:49
Penalties :
Nicolas Petan (Lon) for Interference (Minor) at 1:44, Jared Knight (Lou) for Hooking (Minor) at 6:06, Jared Knight (Lou) for Hooking (Minor) at 8:37, Dwight King (Lon) for Tripping (Minor) at 18:54
2nd period
2. Knights , Linden Vey 23 (Miro Aaltonen 34) at 3:46
3. Knights , Ryan Strome 22 (Dwight King 35, Tomas Kundratek 23) at 7:55
4. River Frogs , Anthony Bitetto 9 (Leon Draisaitl 42, Timothy Kunes 18) at 14:09 (PP)
Penalties :
Jared Knight (Lou) for Hooking (Minor) at 8:36, Justin Florek (Lou) for Hooking (Minor) at 11:58, Ryan Strome (Lon) for Hooking (Minor) at 12:58, Emerson Etem (Lou) for Interference (Minor) at 17:25, Collin Miller (Lon) for Holding (Minor) at 18:04
3rd period
No Goal
Penalties :
Jared Knight (Lou) for Hooking (Minor) at 0:34, Ryan Fitzgerald (Lou) for Interference (Minor) at 6:30, Nathan Walker (Lon) for Interference (Minor) at 8:45
Goalie Stats
Thomas Greiss (Lou), 20 saves from 23 shots - (0.870), L, 19-15-2, 60:00 minutes
Magnus Hellberg (Lon), 25 saves from 26 shots - (0.962), W, 22-15-4, 60:00 minutes
Players Stats for River Frogs
Player Name G A P +/- PIM S H SB GA TA FO MP PP MP PK MP
------------------------------------------------------------------------------------
Aaron Ness 0 0 0 0 0 1 1 0 0 0 0/0 18:34 3:05 5:06
Anthony Bitetto 1 0 1 -1 0 3 4 2 0 2 0/0 29:02 3:43 6:28
Beau Starrett 0 0 0 0 0 0 0 0 0 0 0/0 1:20 0:01 0:00
David Kolomatis 0 0 0 0 0 1 0 1 0 0 0/0 10:00 0:00 0:00
Emerson Etem 0 0 0 -1 2 2 0 0 1 1 1/1 19:30 3:23 3:05
James Livingstone 0 0 0 -1 0 3 2 0 0 0 0/1 14:35 3:13 0:00
Jared Knight 0 0 0 -1 8 1 0 0 0 1 3/9 15:15 3:13 0:11
Joakim Nordstrom 0 0 0 0 0 3 0 0 0 0 0/0 12:03 0:00 2:35
Justin Florek 0 0 0 -1 2 3 0 1 0 0 0/0 19:43 3:25 4:08
Leon Draisaitl 0 1 1 -1 0 1 2 0 0 0 13/27 23:29 3:34 6:22
Mario Lucia 0 0 0 -1 0 0 1 0 0 0 0/0 6:25 0:00 0:10
Matt Calvert 0 0 0 -1 0 0 3 1 0 0 4/10 23:28 3:34 6:21
Maxim Mamin 0 0 0 -1 0 0 0 0 0 0 0/0 6:09 0:00 0:00
Ondrej Kase 0 0 0 0 0 1 1 0 0 0 0/0 9:00 0:01 0:00
Richard Nejezchleb 0 0 0 -1 0 0 0 0 0 0 0/0 6:09 0:00 0:00
Ryan Fitzgerald 0 0 0 0 2 1 0 0 0 0 3/9 8:54 0:00 0:16
Shane Sims 0 0 0 -2 0 2 2 0 0 1 0/0 20:58 3:05 5:06
Shea Theodore 0 0 0 -1 0 0 0 0 0 0 0/0 16:11 0:00 0:00
Timothy Kunes 0 1 1 -2 0 4 4 0 0 1 0/0 25:15 3:43 6:28
Players Stats for Knights
Player Name G A P +/- PIM S H SB GA TA FO MP PP MP PK MP
------------------------------------------------------------------------------------
Brendan Gaunce 1 0 1 1 0 5 0 0 0 0 5/7 12:49 0:00 2:41
Collin Miller 0 0 0 1 2 0 2 0 0 0 0/0 20:28 7:45 0:00
Dwight King 0 1 1 1 2 1 1 0 1 1 2/3 20:00 5:42 0:35
Jaccob Slavin 0 0 0 2 0 1 2 1 0 0 0/0 27:05 7:46 2:34
Jordan Martinook 0 0 0 1 0 1 1 0 0 0 0/0 15:27 0:10 4:05
Linden Vey 1 0 1 1 0 2 2 0 1 0 1/1 17:07 5:42 0:14
Ludwig Bystrom 0 0 0 0 0 0 2 0 0 0 0/0 7:43 0:00 0:10
Michael Matheson 0 0 0 0 0 1 3 1 0 0 0/0 16:31 3:48 1:57
Miro Aaltonen 0 1 1 1 0 1 2 1 2 0 4/7 16:14 5:42 0:12
Nathan Walker 0 0 0 1 2 2 2 0 0 0 1/1 10:07 0:00 0:00
Nicolas Petan 0 0 0 0 2 0 0 0 0 0 2/4 6:24 0:00 0:00
Nikolay Goldobin 0 0 0 0 0 2 0 0 1 0 0/0 6:19 0:00 0:00
Noel Acciari 0 0 0 1 0 3 4 1 1 0 18/32 24:17 5:52 3:55
Olli Maatta 0 0 0 1 0 0 0 2 0 0 0/0 21:19 0:00 4:14
Ryan Strome 1 0 1 1 2 2 1 0 0 0 0/2 17:45 5:41 0:00
Tomas Kundratek 0 2 2 2 0 0 3 1 0 0 0/0 27:02 3:48 4:41
Valentin Zykov 0 0 0 0 0 2 1 0 0 0 0/0 11:46 5:42 0:05
Vince Hinostroza 0 1 1 1 0 0 3 2 0 0 0/0 12:25 0:10 1:49
3 Stars
1 - Tomas Kundratek (Lon)
2 - Magnus Hellberg (Lon)
3 - Linden Vey (Lon)
Power Play
River Frogs - 1 on 5 Attempt(s) - 20.00%
Knights - 0 on 7 Attempt(s) - 0.00%
Penalty Kill
River Frogs - 7 on 7 Attempt(s) - 100.00%
- Score 0 goal in Penalty Kill
Knights - 4 on 5 Attempt(s) - 80.00%
- Score 0 goal in Penalty Kill
Team Stat
River Frogs - Hits : 20 - Faceoff Wins : 24 - Blocked Shots : 5 - Penalty Minutes : 14
Knights - Hits : 29 - Faceoff Wins : 33 - Blocked Shots : 9 - Penalty Minutes : 10
Official
Referees : Unknown
Linesman : Unknown
Game Notes
No Game Note
Finance
Level 1 -- Attendance: 2000 (100.00%) -- Ticket Income $36,000
Level 2 -- Attendance: 1000 (100.00%) -- Ticket Income $10,000
Total Attendance: 3000 (100.00%)
Total Ticket Income: $46,000
Other Income: $2,300
Total Income: $48,300
River Frogs
5 vs 5 Forward
Center Left Wing Right Wing Time % Phy DF OF
1 Leon Draisaitl Matt Calvert Emerson Etem 40 1 2 2
2 Jared Knight Justin Florek James Livingstone 30 1 2 2
3 Ryan Fitzgerald Joakim Nordstrom Ondrej Kase 20 1 2 2
4 Maxim Mamin Mario Lucia Richard Nejezchleb 10 1 2 2
5 vs 5 Defense
Defense Defense Time % Phy DF OF
1 Anthony Bitetto Shea Theodore 40 1 2 2
2 Shane Sims Timothy Kunes 30 1 2 2
3 David Kolomatis Aaron Ness 20 1 2 2
4 Anthony Bitetto Timothy Kunes 10 1 2 2
PowerPlay Forward
Center Left Wing Right Wing Time % Phy DF OF
1 Leon Draisaitl Matt Calvert Emerson Etem 60 1 2 2
2 Jared Knight Justin Florek James Livingstone 40 1 2 2
PowerPlay Defense
Defense Defense Time % Phy DF OF
1 Anthony Bitetto Timothy Kunes 60 1 2 2
2 Shane Sims Aaron Ness 40 1 2 2
Penalty Kill 4 Players Forward
Center Wing Time % Phy DF OF
1 Matt Calvert Leon Draisaitl 60 1 2 2
2 Emerson Etem Justin Florek 40 1 2 2
Penalty Kill 4 Players Defense
Defense Defense Time % Phy DF OF
1 Anthony Bitetto Timothy Kunes 60 1 2 2
2 Shane Sims Aaron Ness 40 1 2 2
Penalty Kill - 3 Players Forward
Forward Time % Phy DF OF
1 Matt Calvert 60 1 2 2
2 Leon Draisaitl 40 1 2 2
Penalty Kill - 3 Players Defense
Defense Defense Time % Phy DF OF
1 Anthony Bitetto Timothy Kunes 60 1 2 2
2 Shane Sims Aaron Ness 40 1 2 2
4 vs 4 Forward
Center Wing Time % Phy DF OF
1 Matt Calvert Leon Draisaitl 60 1 2 2
2 Emerson Etem Justin Florek 40 1 2 2
4 vs 4 Defense
Defense Defense Time % Phy DF OF
1 Anthony Bitetto Timothy Kunes 60 1 2 2
2 Shane Sims Aaron Ness 40 1 2 2
Last Minutes Offensive
Center Left Wing Right Wing Defense Defense
Leon Draisaitl Matt Calvert Emerson Etem Anthony Bitetto Timothy Kunes
Last Minutes Defensive
Center Left Wing Right Wing Defense Defense
Leon Draisaitl Matt Calvert Emerson Etem Anthony Bitetto Timothy Kunes
Goaltenders
Starting : Thomas Greiss
Backup : Phoenix Copley
Extra Forwards
Normal : Beau Starrett, Ondrej Kase, Joakim Nordstrom - PP : Beau Starrett, Ondrej Kase - PK : Joakim Nordstrom
Extra Defensemen
Normal : David Kolomatis, Shea Theodore, Shane Sims - PP : David Kolomatis - PK : Shea Theodore, Shane Sims
Penalty Shots
Matt Calvert, Leon Draisaitl, Emerson Etem, Justin Florek, James Livingstone
Scratches
Austin Watson (Strained Right Knee Injury), Dillon Heatherington (Healthy), Francis Perron (Healthy)
Knights
5 vs 5 Forward
Center Left Wing Right Wing Time % Phy DF OF
1 Noel Acciari Dwight King Ryan Strome 40 1 1 3
2 Miro Aaltonen Jordan Martinook Linden Vey 30 1 2 2
3 Brendan Gaunce Nathan Walker Vince Hinostroza 20 0 2 3
4 Nicolas Petan Valentin Zykov Nikolay Goldobin 10 0 2 3
5 vs 5 Defense
Defense Defense Time % Phy DF OF
1 Jaccob Slavin Tomas Kundratek 40 1 2 2
2 Collin Miller Olli Maatta 30 1 2 2
3 Michael Matheson Ludwig Bystrom 20 1 2 2
4 Michael Matheson Olli Maatta 10 1 2 2
PowerPlay Forward
Center Left Wing Right Wing Time % Phy DF OF
1 Noel Acciari Dwight King Linden Vey 60 0 1 4
2 Miro Aaltonen Valentin Zykov Ryan Strome 40 0 1 4
PowerPlay Defense
Defense Defense Time % Phy DF OF
1 Collin Miller Jaccob Slavin 60 0 1 4
2 Michael Matheson Tomas Kundratek 40 0 1 4
Penalty Kill 4 Players Forward
Center Wing Time % Phy DF OF
1 Noel Acciari Jordan Martinook 60 1 3 1
2 Brendan Gaunce Vince Hinostroza 40 1 3 1
Penalty Kill 4 Players Defense
Defense Defense Time % Phy DF OF
1 Tomas Kundratek Olli Maatta 60 1 3 1
2 Jaccob Slavin Michael Matheson 40 1 3 1
Penalty Kill - 3 Players Forward
Forward Time % Phy DF OF
1 Noel Acciari 60 0 4 1
2 Vince Hinostroza 40 0 4 1
Penalty Kill - 3 Players Defense
Defense Defense Time % Phy DF OF
1 Jaccob Slavin Olli Maatta 60 1 3 1
2 Michael Matheson Tomas Kundratek 40 1 3 1
4 vs 4 Forward
Center Wing Time % Phy DF OF
1 Noel Acciari Linden Vey 60 1 2 2
2 Miro Aaltonen Dwight King 40 1 2 2
4 vs 4 Defense
Defense Defense Time % Phy DF OF
1 Tomas Kundratek Jaccob Slavin 60 1 2 2
2 Olli Maatta Collin Miller 40 1 2 2
Last Minutes Offensive
Center Left Wing Right Wing Defense Defense
Noel Acciari Dwight King Linden Vey Tomas Kundratek Jaccob Slavin
Last Minutes Defensive
Center Left Wing Right Wing Defense Defense
Noel Acciari Jordan Martinook Vince Hinostroza Olli Maatta Tomas Kundratek
Goaltenders
Starting : Magnus Hellberg
Backup : Elvis Merzlikins
Extra Forwards
Normal : Jordan Martinook, Linden Vey, Noel Acciari - PP : Linden Vey, Noel Acciari - PK : Noel Acciari
Extra Defensemen
Normal : Olli Maatta, Michael Matheson, Collin Miller - PP : Michael Matheson - PK : Ludwig Bystrom, Michael Matheson
Penalty Shots
Nathan Walker, Miro Aaltonen, Ryan Strome, Noel Acciari, Dwight King
Scratches
Zach Nastasiuk (Healthy), Nicklas Jensen (Healthy), Alan Quine (Healthy), David Shields (Healthy), Matthew Benning (Healthy)
Trevor Moore (Healthy), Scott Wilson (Healthy), Curtis Valk (Healthy), Anthony Louis (Healthy), Travis Boyd (Healthy)
Fredrik Claesson (Healthy), Mackenzie MacEachern (Healthy), Nikolaj Ehlers (Left Wrist Injury), Jayce Hawryluk (Healthy), Kevin Fiala (Healthy)
A.J. Jenks (Healthy), Ryan Collins (Healthy), William Lagesson (Healthy), Eamon McAdam (Healthy), Philippe Desrosiers (Healthy)
Ville Husso (Healthy)
% Time on Ice - River Frogs
Lines # - Real PCT - Wanted PCT - Time Play
Normal Forward
1 - 32% - 40% - 12:38
2 - 31% - 30% - 12:06
3 - 21% - 20% - 8:26
4 - 16% - 10% - 6:09
Normal Defense
1 - 42% - 40% - 16:40
2 - 33% - 30% - 13:02
3 - 23% - 20% - 9:00
4 - 2% - 10% - 0:37
PP Forward
1 - 53% - 60% - 3:35
2 - 47% - 40% - 3:13
PP Defense
1 - 55% - 60% - 3:43
2 - 45% - 40% - 3:05
PK Forward
1 - 71% - 60% - 8:15
2 - 29% - 40% - 3:19
PK Defense
1 - 56% - 60% - 6:28
2 - 44% - 40% - 5:06
PK3 Forward
1 - 0% - 60%
2 - 0% - 40%
PK3 Defense
1 - 0% - 60%
2 - 0% - 40%
44 Forward
1 - 70% - 60% - 1:37
2 - 30% - 40% - 0:42
44 Defense
1 - 84% - 60% - 1:57
2 - 16% - 40% - 0:22
Last Minute Offensive - 0:00
Last Minute Defensive - 0:00
Total
Forward - 60:00
Defense - 60:00
|
% Time on Ice - Knights
Lines # - Real PCT - Wanted PCT - Time Play
Normal Forward
1 - 33% - 40% - 13:09
2 - 25% - 30% - 9:43
3 - 26% - 20% - 10:08
4 - 16% - 10% - 6:19
Normal Defense
1 - 43% - 40% - 16:56
2 - 32% - 30% - 12:34
3 - 19% - 20% - 7:33
4 - 6% - 10% - 2:16
PP Forward
1 - 51% - 60% - 5:52
2 - 49% - 40% - 5:42
PP Defense
1 - 67% - 60% - 7:46
2 - 33% - 40% - 3:48
PK Forward
1 - 73% - 60% - 4:59
2 - 27% - 40% - 1:49
PK Defense
1 - 71% - 60% - 4:51
2 - 29% - 40% - 1:57
PK3 Forward
1 - 0% - 60%
2 - 0% - 40%
PK3 Defense
1 - 0% - 60%
2 - 0% - 40%
44 Forward
1 - 69% - 60% - 1:36
2 - 31% - 40% - 0:43
44 Defense
1 - 55% - 60% - 1:16
2 - 45% - 40% - 1:03
Last Minute Offensive - 0:00
Last Minute Defensive - 0:00
Total
Forward - 60:00
Defense - 60:00
|
Play-by-Play
1st period
0:01 of 1st period - Noel Acciari wins face-off versus Leon Draisaitl in neutral zone.
0:31 of 1st period - Shane Sims is hit by Jaccob Slavin and loses puck.
0:46 of 1st period - Snap shot by Jared Knight.
0:46 of 1st period - Shot Blocked by Olli Maatta.
0:48 of 1st period - Snap shot by Timothy Kunes.
0:48 of 1st period - Stopped by Magnus Hellberg without a rebound.
0:49 of 1st period - Brendan Gaunce wins face-off versus Ryan Fitzgerald in Knights zone.
1:00 of 1st period - Snap shot by Brendan Gaunce.
1:00 of 1st period - Shot Misses the Net.
1:20 of 1st period - Wrist shot by Noel Acciari.
1:20 of 1st period - Stopped by Thomas Greiss with a rebound.
1:22 of 1st period - Snap shot by Noel Acciari.
1:22 of 1st period - Stopped by Thomas Greiss without a rebound.
1:23 of 1st period - Nicolas Petan wins face-off versus Leon Draisaitl in River Frogs zone.
1:28 of 1st period - Wrist shot by Nikolay Goldobin.
1:28 of 1st period - Stopped by Thomas Greiss with a rebound.
1:44 of 1st period - Minor Penalty to Nicolas Petan for Interference.
1:45 of 1st period - Leon Draisaitl wins face-off versus Noel Acciari in Knights zone.
2:10 of 1st period - Vince Hinostroza is hit by Timothy Kunes and loses puck.
3:44 of 1st period - Penalty to Nicolas Petan is over, Nicolas Petan is back on ice.
4:43 of 1st period - Joakim Nordstrom is hit by Tomas Kundratek and loses puck.
5:20 of 1st period - Timothy Kunes is hit by Ludwig Bystrom and loses puck.
5:47 of 1st period - Backhand shot by Valentin Zykov.
5:47 of 1st period - Stopped by Thomas Greiss with a rebound.
5:51 of 1st period - Wrist shot by Valentin Zykov.
5:51 of 1st period - Shot Blocked by David Kolomatis.
6:06 of 1st period - Minor Penalty to Jared Knight for Hooking.
6:07 of 1st period - Matt Calvert wins face-off versus Dwight King in River Frogs zone.
7:37 of 1st period - Icing by Ryan Strome.
7:38 of 1st period - Noel Acciari wins face-off versus Matt Calvert in Knights zone.
7:38 of 1st period - Noel Acciari is hit by Matt Calvert.
8:06 of 1st period - Penalty to Jared Knight is over, Jared Knight is back on ice.
8:12 of 1st period - Wrist shot by Joakim Nordstrom.
8:12 of 1st period - Shot Blocked by Vince Hinostroza.
8:14 of 1st period - Wrist shot by Joakim Nordstrom.
8:14 of 1st period - Stopped by Magnus Hellberg without a rebound.
8:15 of 1st period - Nathan Walker wins face-off versus Ryan Fitzgerald in Knights zone.
8:28 of 1st period - Slapshot by Brendan Gaunce.
8:28 of 1st period - Stopped by Thomas Greiss without a rebound.
8:29 of 1st period - Noel Acciari wins face-off versus James Livingstone in River Frogs zone.
8:37 of 1st period - Minor Penalty to Jared Knight for Hooking.
8:38 of 1st period - Noel Acciari wins face-off versus Matt Calvert in River Frogs zone.
8:40 of 1st period - Snap shot by Noel Acciari.
8:40 of 1st period - Stopped by Thomas Greiss without a rebound.
8:41 of 1st period - Noel Acciari wins face-off versus Matt Calvert in River Frogs zone.
9:15 of 1st period - Icing by Miro Aaltonen.
9:16 of 1st period - Matt Calvert wins face-off versus Miro Aaltonen in Knights zone.
9:25 of 1st period - Wrist shot by Matt Calvert.
9:25 of 1st period - Shot Blocked by Jaccob Slavin.
9:27 of 1st period - Wrist shot by Aaron Ness.
9:27 of 1st period - Shot Misses the Net.
10:11 of 1st period - Snap shot by Ryan Strome.
10:11 of 1st period - Shot Misses the Net.
10:37 of 1st period - Penalty to Jared Knight is over, Jared Knight is back on ice.
10:41 of 1st period - Wrist shot by Brendan Gaunce.
10:41 of 1st period - Stopped by Thomas Greiss with a rebound.
10:43 of 1st period - Slapshot by Jaccob Slavin.
10:43 of 1st period - Deflect By Brendan Gaunce.
10:43 of 1st period - Shot Misses the Net.
10:43 of 1st period - Puck is out of play.
10:44 of 1st period - Ryan Fitzgerald wins face-off versus Brendan Gaunce in River Frogs zone.
10:44 of 1st period - Ryan Fitzgerald is hit by Michael Matheson.
10:56 of 1st period - Anthony Bitetto is hit by Michael Matheson and loses puck.
11:09 of 1st period - Justin Florek is hit by Noel Acciari and loses puck.
11:34 of 1st period - Shea Theodore is hit by Nathan Walker and loses puck.
12:42 of 1st period - Timothy Kunes is hit by Vince Hinostroza and loses puck.
12:55 of 1st period - Snap shot by Emerson Etem.
12:55 of 1st period - Stopped by Magnus Hellberg without a rebound.
12:56 of 1st period - Nicolas Petan wins face-off versus Jared Knight in Knights zone.
13:05 of 1st period - Snap shot by James Livingstone.
13:05 of 1st period - Stopped by Magnus Hellberg without a rebound.
13:06 of 1st period - Dwight King wins face-off versus Leon Draisaitl in Knights zone.
13:42 of 1st period - Slapshot by Timothy Kunes.
13:42 of 1st period - Stopped by Magnus Hellberg with a rebound.
13:44 of 1st period - Slapshot by Timothy Kunes.
13:44 of 1st period - Deflect By Ryan Fitzgerald.
13:44 of 1st period - Shot Blocked by Noel Acciari.
13:44 of 1st period - Puck is out of play.
13:45 of 1st period - Miro Aaltonen wins face-off versus Jared Knight in Knights zone.
14:00 of 1st period - Snap shot by Linden Vey.
14:00 of 1st period - Shot Misses the Net.
14:09 of 1st period - Icing by Olli Maatta.
14:10 of 1st period - Brendan Gaunce wins face-off versus Leon Draisaitl in Knights zone.
14:38 of 1st period - Off-side.
14:39 of 1st period - Miro Aaltonen wins face-off versus Jared Knight in neutral zone.
15:19 of 1st period - Slapshot by Anthony Bitetto.
15:19 of 1st period - Stopped by Magnus Hellberg without a rebound.
15:20 of 1st period - Leon Draisaitl wins face-off versus Noel Acciari in Knights zone.
15:33 of 1st period - Slapshot by Matt Calvert.
15:33 of 1st period - Shot Misses the Net.
15:53 of 1st period - Wrist shot by James Livingstone.
15:53 of 1st period - Stopped by Magnus Hellberg without a rebound.
15:54 of 1st period - Miro Aaltonen wins face-off versus Leon Draisaitl in Knights zone.
15:59 of 1st period - Snap shot by Emerson Etem.
15:59 of 1st period - Shot Misses the Net.
16:01 of 1st period - Snap shot by Leon Draisaitl.
16:01 of 1st period - Shot Misses the Net.
16:03 of 1st period - Snap shot by Leon Draisaitl.
16:03 of 1st period - Shot Misses the Net.
16:44 of 1st period - Snap shot by Aaron Ness.
16:44 of 1st period - Stopped by Magnus Hellberg with a rebound.
16:46 of 1st period - Snap shot by Timothy Kunes.
16:46 of 1st period - Shot Misses the Net.
16:48 of 1st period - Slapshot by Timothy Kunes.
16:48 of 1st period - Shot Misses the Net.
16:50 of 1st period - Wrist shot by Ondrej Kase.
16:50 of 1st period - Stopped by Magnus Hellberg without a rebound.
16:51 of 1st period - Emerson Etem wins face-off versus Noel Acciari in Knights zone.
17:42 of 1st period - Tomas Kundratek is hit by Anthony Bitetto and loses puck.
17:49 of 1st period - Snap shot by Brendan Gaunce.
17:49 of 1st period - Goal by Brendan Gaunce - River Frogs : 0 - Knights : 1.
17:50 of 1st period - Leon Draisaitl wins face-off versus Noel Acciari in neutral zone.
18:16 of 1st period - Shea Theodore is hit by Jordan Martinook and loses puck.
18:39 of 1st period - Wrist shot by Ryan Fitzgerald.
18:39 of 1st period - Shot Misses the Net.
18:43 of 1st period - Slapshot by Timothy Kunes.
18:43 of 1st period - Stopped by Magnus Hellberg with a rebound.
18:45 of 1st period - Snap shot by Shane Sims.
18:45 of 1st period - Stopped by Magnus Hellberg without a rebound.
18:46 of 1st period - Leon Draisaitl wins face-off versus Noel Acciari in Knights zone.
18:54 of 1st period - Minor Penalty to Dwight King for Tripping.
18:55 of 1st period - Noel Acciari wins face-off versus Leon Draisaitl in Knights zone.
Goals for this period are 0 for River Frogs vs 1 for Knights.
Shots for this period are 11 for River Frogs vs 8 for Knights.
2nd period
0:01 of 2nd period - Leon Draisaitl wins face-off versus Noel Acciari in neutral zone.
0:03 of 2nd period - Off-side.
0:04 of 2nd period - Leon Draisaitl wins face-off versus Noel Acciari in neutral zone.
0:40 of 2nd period - Slapshot by James Livingstone.
0:40 of 2nd period - Shot Blocked by Vince Hinostroza.
0:54 of 2nd period - Penalty to Dwight King is over, Dwight King is back on ice.
1:00 of 2nd period - Icing by Olli Maatta.
1:01 of 2nd period - Ryan Fitzgerald wins face-off versus Noel Acciari in Knights zone.
1:15 of 2nd period - Slapshot by David Kolomatis.
1:15 of 2nd period - Stopped by Magnus Hellberg without a rebound.
1:16 of 2nd period - Brendan Gaunce wins face-off versus Leon Draisaitl in Knights zone.
1:43 of 2nd period - Slapshot by Jaccob Slavin.
1:43 of 2nd period - Shot Misses the Net.
1:53 of 2nd period - Slapshot by James Livingstone.
1:53 of 2nd period - Deflect By Justin Florek.
1:53 of 2nd period - Stopped by Magnus Hellberg without a rebound.
1:54 of 2nd period - Leon Draisaitl wins face-off versus Ryan Strome in Knights zone.
3:32 of 2nd period - Snap shot by Linden Vey.
3:32 of 2nd period - Shot Misses the Net.
3:34 of 2nd period - Slapshot by Collin Miller.
3:34 of 2nd period - Shot Misses the Net.
3:36 of 2nd period - Snap shot by Linden Vey.
3:36 of 2nd period - Deflect By Miro Aaltonen.
3:36 of 2nd period - Shot Misses the Net.
3:36 of 2nd period - Puck is out of play.
3:37 of 2nd period - Jared Knight wins face-off versus Miro Aaltonen in River Frogs zone.
3:46 of 2nd period - Slapshot by Linden Vey.
3:46 of 2nd period - Goal by Linden Vey - River Frogs : 0 - Knights : 2.
3:47 of 2nd period - Noel Acciari wins face-off versus Leon Draisaitl in neutral zone.
3:57 of 2nd period - Snap shot by Dwight King.
3:57 of 2nd period - Shot Blocked by Anthony Bitetto.
3:59 of 2nd period - Wrist shot by Dwight King.
3:59 of 2nd period - Stopped by Thomas Greiss with a rebound.
4:03 of 2nd period - Slapshot by Dwight King.
4:03 of 2nd period - Shot Misses the Net.
4:17 of 2nd period - Snap shot by Linden Vey.
4:17 of 2nd period - Stopped by Thomas Greiss with a rebound.
4:19 of 2nd period - Wrist shot by Jaccob Slavin.
4:19 of 2nd period - Stopped by Thomas Greiss without a rebound.
4:20 of 2nd period - Miro Aaltonen wins face-off versus Jared Knight in River Frogs zone.
4:37 of 2nd period - Slapshot by Shane Sims.
4:37 of 2nd period - Stopped by Magnus Hellberg with a rebound.
5:08 of 2nd period - Matt Calvert is hit by Vince Hinostroza and loses puck.
5:16 of 2nd period - Slapshot by Brendan Gaunce.
5:16 of 2nd period - Stopped by Thomas Greiss without a rebound.
5:17 of 2nd period - Noel Acciari wins face-off versus Ryan Fitzgerald in River Frogs zone.
5:52 of 2nd period - Wrist shot by Miro Aaltonen.
5:52 of 2nd period - Shot Misses the Net.
5:54 of 2nd period - Wrist shot by Miro Aaltonen.
5:54 of 2nd period - Deflect By Linden Vey.
5:54 of 2nd period - Shot Blocked by Matt Calvert.
5:54 of 2nd period - Puck is out of play.
5:55 of 2nd period - Leon Draisaitl wins face-off versus Noel Acciari in River Frogs zone.
5:55 of 2nd period - Leon Draisaitl is hit by Noel Acciari.
6:12 of 2nd period - Michael Matheson is hit by Timothy Kunes and loses puck.
6:23 of 2nd period - Backhand shot by Miro Aaltonen.
6:23 of 2nd period - Stopped by Thomas Greiss with a rebound.
6:35 of 2nd period - Justin Florek is hit by Michael Matheson.
6:57 of 2nd period - Joakim Nordstrom is hit by Nathan Walker and loses puck.
7:34 of 2nd period - Snap shot by Valentin Zykov.
7:34 of 2nd period - Stopped by Thomas Greiss without a rebound.
7:35 of 2nd period - Leon Draisaitl wins face-off versus Noel Acciari in River Frogs zone.
7:35 of 2nd period - Leon Draisaitl is hit by Dwight King.
7:48 of 2nd period - Emerson Etem is hit by Jaccob Slavin and loses puck.
7:55 of 2nd period - Snap shot by Ryan Strome.
7:55 of 2nd period - Goal by Ryan Strome - River Frogs : 0 - Knights : 3.
7:56 of 2nd period - Leon Draisaitl wins face-off versus Noel Acciari in neutral zone.
8:05 of 2nd period - Snap shot by Ryan Strome.
8:05 of 2nd period - Shot Misses the Net.
8:07 of 2nd period - Slapshot by Tomas Kundratek.
8:07 of 2nd period - Shot Misses the Net.
8:23 of 2nd period - Jaccob Slavin is hit by James Livingstone and loses puck.
8:36 of 2nd period - Minor Penalty to Jared Knight for Hooking.
8:37 of 2nd period - Noel Acciari wins face-off versus Leon Draisaitl in River Frogs zone.
8:40 of 2nd period - Slapshot by Dwight King.
8:40 of 2nd period - Shot Misses the Net.
10:26 of 2nd period - Miro Aaltonen is hit by Shane Sims and loses puck.
10:36 of 2nd period - Penalty to Jared Knight is over, Jared Knight is back on ice.
11:58 of 2nd period - Minor Penalty to Justin Florek for Hooking.
11:59 of 2nd period - Matt Calvert wins face-off versus Noel Acciari in River Frogs zone.
12:58 of 2nd period - Minor Penalty to Ryan Strome for Hooking.
12:59 of 2nd period - Noel Acciari wins face-off versus Matt Calvert in Knights zone.
12:59 of 2nd period - Noel Acciari is hit by Timothy Kunes.
13:51 of 2nd period - Timothy Kunes is hit by Collin Miller and loses puck.
13:58 of 2nd period - Penalty to Justin Florek is over, Justin Florek is back on ice.
14:02 of 2nd period - Jaccob Slavin is hit by Anthony Bitetto and loses puck.
14:07 of 2nd period - Slapshot by Leon Draisaitl.
14:07 of 2nd period - Stopped by Magnus Hellberg with a rebound.
14:09 of 2nd period - Slapshot by Anthony Bitetto.
14:09 of 2nd period - Goal by Anthony Bitetto - River Frogs : 1 - Knights : 3.
14:10 of 2nd period - Jared Knight wins face-off versus Brendan Gaunce in neutral zone.
14:23 of 2nd period - Off-side.
14:24 of 2nd period - Noel Acciari wins face-off versus Leon Draisaitl in neutral zone.
14:58 of 2nd period - Slapshot by Aaron Ness.
14:58 of 2nd period - Shot Blocked by Miro Aaltonen.
15:12 of 2nd period - Snap shot by Brendan Gaunce.
15:12 of 2nd period - Deflect By Nathan Walker.
15:12 of 2nd period - Stopped by Thomas Greiss with a rebound.
15:32 of 2nd period - Shane Sims is hit by Valentin Zykov and loses puck.
16:17 of 2nd period - Noel Acciari is hit by Anthony Bitetto and loses puck.
16:22 of 2nd period - Wrist shot by Ondrej Kase.
16:22 of 2nd period - Shot Hit the Post.
16:24 of 2nd period - Wrist shot by Joakim Nordstrom.
16:24 of 2nd period - Deflect By Ryan Fitzgerald.
16:24 of 2nd period - Stopped by Magnus Hellberg with a rebound.
16:26 of 2nd period - Wrist shot by Joakim Nordstrom.
16:26 of 2nd period - Stopped by Magnus Hellberg with a rebound.
16:38 of 2nd period - Snap shot by Miro Aaltonen.
16:38 of 2nd period - Shot Blocked by Justin Florek.
16:49 of 2nd period - Icing by Jared Knight.
16:50 of 2nd period - Brendan Gaunce wins face-off versus Jared Knight in River Frogs zone.
17:03 of 2nd period - Wrist shot by Brendan Gaunce.
17:03 of 2nd period - Stopped by Thomas Greiss without a rebound.
17:04 of 2nd period - Linden Vey wins face-off versus Leon Draisaitl in River Frogs zone.
17:25 of 2nd period - Minor Penalty to Emerson Etem for Interference.
17:26 of 2nd period - Dwight King wins face-off versus Leon Draisaitl in River Frogs zone.
17:45 of 2nd period - Leon Draisaitl is hit by Linden Vey and loses puck.
18:02 of 2nd period - Snap shot by Justin Florek.
18:02 of 2nd period - Stopped by Magnus Hellberg with a rebound.
18:04 of 2nd period - Minor Penalty to Collin Miller for Holding.
18:05 of 2nd period - Matt Calvert wins face-off versus Noel Acciari in Knights zone.
19:16 of 2nd period - Dwight King is hit by Timothy Kunes and loses puck.
19:25 of 2nd period - Penalty to Emerson Etem is over, Emerson Etem is back on ice.
19:29 of 2nd period - Slapshot by Anthony Bitetto.
19:29 of 2nd period - Stopped by Magnus Hellberg with a rebound.
Goals for this period are 1 for River Frogs vs 2 for Knights.
Shots for this period are 9 for River Frogs vs 10 for Knights.
3rd period
0:01 of 3rd period - Noel Acciari wins face-off versus Leon Draisaitl in neutral zone.
0:04 of 3rd period - Penalty to Collin Miller is over, Collin Miller is back on ice.
0:12 of 3rd period - Snap shot by Noel Acciari.
0:12 of 3rd period - Deflect By Jordan Martinook.
0:12 of 3rd period - Shot Misses the Net.
0:12 of 3rd period - Puck is out of play.
0:13 of 3rd period - Noel Acciari wins face-off versus Leon Draisaitl in River Frogs zone.
0:14 of 3rd period - Wrist shot by Ryan Strome.
0:14 of 3rd period - Stopped by Thomas Greiss without a rebound.
0:15 of 3rd period - Leon Draisaitl wins face-off versus Ryan Strome in River Frogs zone.
0:15 of 3rd period - Leon Draisaitl is hit by Noel Acciari.
0:30 of 3rd period - Snap shot by Jaccob Slavin.
0:30 of 3rd period - Deflect By Dwight King.
0:30 of 3rd period - Shot Misses the Net.
0:30 of 3rd period - Puck is out of play.
0:31 of 3rd period - Jared Knight wins face-off versus Miro Aaltonen in River Frogs zone.
0:31 of 3rd period - Jared Knight is hit by Linden Vey.
0:34 of 3rd period - Minor Penalty to Jared Knight for Hooking.
0:35 of 3rd period - Noel Acciari wins face-off versus Matt Calvert in River Frogs zone.
2:34 of 3rd period - Penalty to Jared Knight is over, Jared Knight is back on ice.
2:46 of 3rd period - Shane Sims is hit by Collin Miller and loses puck.
2:59 of 3rd period - Wrist shot by Nikolay Goldobin.
2:59 of 3rd period - Stopped by Thomas Greiss without a rebound.
3:00 of 3rd period - Leon Draisaitl wins face-off versus Nicolas Petan in River Frogs zone.
3:07 of 3rd period - Michael Matheson is hit by Matt Calvert and loses puck.
3:50 of 3rd period - Joakim Nordstrom is hit by Vince Hinostroza and loses puck.
4:03 of 3rd period - Tomas Kundratek is hit by James Livingstone and loses puck.
4:16 of 3rd period - Olli Maatta is hit by Anthony Bitetto and loses puck.
4:49 of 3rd period - Jordan Martinook is hit by Leon Draisaitl and loses puck.
5:09 of 3rd period - Aaron Ness is hit by Noel Acciari and loses puck.
5:49 of 3rd period - Tomas Kundratek is hit by Shane Sims and loses puck.
6:30 of 3rd period - Minor Penalty to Ryan Fitzgerald for Interference.
6:31 of 3rd period - Noel Acciari wins face-off versus Matt Calvert in River Frogs zone.
8:30 of 3rd period - Penalty to Ryan Fitzgerald is over, Ryan Fitzgerald is back on ice.
8:45 of 3rd period - Minor Penalty to Nathan Walker for Interference.
8:46 of 3rd period - Noel Acciari wins face-off versus Jared Knight in Knights zone.
9:00 of 3rd period - Snap shot by James Livingstone.
9:00 of 3rd period - Stopped by Magnus Hellberg without a rebound.
9:01 of 3rd period - Leon Draisaitl wins face-off versus Noel Acciari in Knights zone.
9:02 of 3rd period - Slapshot by Matt Calvert.
9:02 of 3rd period - Shot Misses the Net.
10:03 of 3rd period - Snap shot by Emerson Etem.
10:03 of 3rd period - Stopped by Magnus Hellberg with a rebound.
10:05 of 3rd period - Slapshot by Matt Calvert.
10:05 of 3rd period - Shot Misses the Net.
10:15 of 3rd period - Slapshot by Michael Matheson.
10:15 of 3rd period - Stopped by Thomas Greiss with a rebound.
10:45 of 3rd period - Penalty to Nathan Walker is over, Nathan Walker is back on ice.
11:04 of 3rd period - Ludwig Bystrom is hit by Ondrej Kase.
11:29 of 3rd period - Shea Theodore is hit by Ludwig Bystrom and loses puck.
11:46 of 3rd period - Shea Theodore is hit by Tomas Kundratek.
11:56 of 3rd period - Wrist shot by Ondrej Kase.
11:56 of 3rd period - Shot Hit the Post.
12:14 of 3rd period - Jared Knight is hit by Tomas Kundratek and loses puck.
12:29 of 3rd period - Vince Hinostroza is hit by Leon Draisaitl and loses puck.
14:01 of 3rd period - Wrist shot by Joakim Nordstrom.
14:01 of 3rd period - Stopped by Magnus Hellberg without a rebound.
14:02 of 3rd period - Brendan Gaunce wins face-off versus Ryan Fitzgerald in Knights zone.
14:26 of 3rd period - Brendan Gaunce is hit by Matt Calvert and loses puck.
15:19 of 3rd period - Wrist shot by Nathan Walker.
15:19 of 3rd period - Shot Blocked by Anthony Bitetto.
15:21 of 3rd period - Snap shot by Nathan Walker.
15:21 of 3rd period - Stopped by Thomas Greiss without a rebound.
15:22 of 3rd period - Noel Acciari wins face-off versus Ryan Fitzgerald in River Frogs zone.
15:37 of 3rd period - Wrist shot by Timothy Kunes.
15:37 of 3rd period - Shot Blocked by Tomas Kundratek.
15:49 of 3rd period - Emerson Etem is hit by Miro Aaltonen and loses puck.
16:14 of 3rd period - Wrist shot by Richard Nejezchleb.
16:14 of 3rd period - Shot Blocked by Olli Maatta.
16:16 of 3rd period - Wrist shot by Richard Nejezchleb.
16:16 of 3rd period - Shot Misses the Net.
16:18 of 3rd period - Slapshot by Shane Sims.
16:18 of 3rd period - Shot Misses the Net.
16:20 of 3rd period - Slapshot by Timothy Kunes.
16:20 of 3rd period - Stopped by Magnus Hellberg without a rebound.
16:21 of 3rd period - Noel Acciari wins face-off versus Ryan Fitzgerald in Knights zone.
16:46 of 3rd period - Anthony Bitetto is hit by Miro Aaltonen and loses puck.
17:07 of 3rd period - Snap shot by Justin Florek.
17:07 of 3rd period - Stopped by Magnus Hellberg with a rebound.
17:09 of 3rd period - Slapshot by David Kolomatis.
17:09 of 3rd period - Shot Misses the Net.
17:11 of 3rd period - Snap shot by Aaron Ness.
17:11 of 3rd period - Deflect By Jared Knight.
17:11 of 3rd period - Stopped by Magnus Hellberg without a rebound.
17:12 of 3rd period - Ryan Fitzgerald wins face-off versus Nicolas Petan in Knights zone.
17:37 of 3rd period - Jaccob Slavin is hit by Aaron Ness and loses puck.
17:59 of 3rd period - Vince Hinostroza is hit by Mario Lucia and loses puck.
18:23 of 3rd period - Wrist shot by James Livingstone.
18:23 of 3rd period - Shot Blocked by Michael Matheson.
18:31 of 3rd period - Slapshot by Jordan Martinook.
18:31 of 3rd period - Stopped by Thomas Greiss with a rebound.
18:41 of 3rd period - Timothy Kunes is hit by Ryan Strome and loses puck.
18:46 of 3rd period - Snap shot by Dwight King.
18:46 of 3rd period - Shot Misses the Net.
Goals for this period are 0 for River Frogs vs 0 for Knights.
Shots for this period are 6 for River Frogs vs 5 for Knights.
Back to the Top